 Dungeon Crawl Stone Soup version 0.18-a0-1413-g4eaa9ac (console) character file.

1305 brucemayne the Cleaver (level 8, -1/58 HPs)
             Began as a Demonspawn Berserker on Feb 25, 2016.
             Was a Believer of Trog.
             Slain by a giant frog (6 damage)
             ... on level 7 of the Dungeon.
             The game lasted 00:06:26 (1224 turns).

brucemayne the Cleaver (Demonspawn Berserker)       Turns: 1224, Time: 00:06:26

Health: -1/58      AC:  7    Str: 18    XL:     8   Next: 31%
Magic:  8/8        EV: 10    Int:  9    God:    Trog [**....]
Gold:   94         SH:  0    Dex: 14    Spells: 0 memorised, 7 levels left

rFire  + . .     SeeInvis .     a - +0 hand axe
rCold  + . .     Gourm    .     k - +0 scale mail
rNeg   + . .     Faith    .     (no shield)
rPois  .         Spirit   .     (helmet restricted)
rElec  .         Dismiss  .     (no cloak)
rCorr  .         Reflect  .     m - +0 pair of gloves
SustAt .         Harm     .     (no boots)
MR     ++...                    (no amulet)
Stlth  ..........               j - ring of protection from cold
                                h - ring of Descent {Wiz +Blink rN+}

@: regenerating, very resistant to hostile enchantments, extremely unstealthy
A: horns 1, fire resistance 1, powered by pain 1, flame cloud immunity
a: Berserk, Trog's Hand, Burn Spellbooks, Renounce Religion, Evoke Blink


You were on level 7 of the Dungeon.
You worshipped Trog.
Trog was pleased with you.
You were not hungry.

You visited 1 branch of the dungeon, and saw 7 of its levels.

You collected 94 gold pieces.

Inventory:

Hand Weapons
 a - a +0 hand axe (weapon)
 o - a +1 dagger of electrocution
Armour
 b - a +0 animal skin
 k - a +0 scale mail (worn)
 m - a +0 pair of gloves (worn)
Jewellery
 h - the ring of Descent (left hand) {Wiz +Blink rN+}
   (You found it on level 5 of the Dungeon)

   [ring of wizardry]

   It improves your spell success rate.
   It protects you from negative energy.
   It lets you blink.
 j - a ring of protection from cold (right hand)
 s - a +3 ring of evasion {unknown}
Scrolls
 e - 2 scrolls of teleportation {unknown}
 f - a scroll of identify {unknown}
Potions
 d - 2 potions of mutation {unknown}
 g - a potion of curing {unknown}
 l - a potion of haste {unknown}
 n - a potion of brilliance {unknown}
Comestibles
 c - 2 meat rations
 i - 9 fruits
 p - a beef jerky
 q - a bread ration


   Skills:
 - Level 3.0 Fighting
 + Level 9.7 Axes
 - Level 1.7 Armour
 - Level 1.7 Dodging


You had 7 spell levels left.
You didn't know any spells.

Dungeon Overview and Level Annotations

Branches:
Dungeon (7/15)
 Temple: D:4-7

Altars:
Ashenzari
Ru

Shops:
D:4 %


Innate Abilities, Weirdness & Mutations

You have a pair of small horns on your head.
Your flesh is heat resistant.
You sometimes gain a little power by taking damage.
You are immune to clouds of flame.


Message History

You closely miss the giant frog. Your headbutt misses the giant frog.
The giant frog is heavily wounded.
The giant frog hits you.
* * * LOW HITPOINT WARNING * * *
The giant frog hits you.
* * * LOW HITPOINT WARNING * * *
You hit the giant frog but do no damage.
The giant frog is heavily wounded.
The giant frog hits you.
* * * LOW HITPOINT WARNING * * *
You slash the giant frog! Your headbutt misses the giant frog.
The giant frog is severely wounded.
The giant frog misses you.
Drink which item? (? for menu, Esc to quit)
Okay, then.
Your skin crawls.
You feel resistant to hostile enchantments.
You feel slightly more hungry. The giant frog closely misses you.
The giant frog hits you.
You die...

#.........#
#.........##
#..........
#.........#
#.........#
<...(.....#
#.....F...#
#.....@.#
##......#
######.# .#
.. #.. .#
...


You could see a giant frog.

Vanquished Creatures
  A hippogriff (D:6)
  3 ogres
  2 centaurs
  A big kobold (D:4)
  A giant frog (D:6)
  Blork the orc (D:6)
  A scorpion (D:4)
  A jelly (D:6)
  A crimson imp (D:6)
  4 orc priests
  A centaur skeleton (D:6)
  2 hounds
  4 orc wizards (D:6)
  4 worker ants
  3 adders
  A shadow imp (D:5)
  3 giant geckos
  8 orcs
  A bat (D:2)
  A giant cockroach (D:4)
  2 goblins (D:3)
  A hobgoblin (D:3)
  A quokka (D:4)
  A giant gecko skeleton (D:6)
  A giant newt (D:5)
  A jackal skeleton (D:5)
  A kobold (D:3)
52 creatures vanquished.

Notes
Turn   | Place    | Note
--------------------------------------------------------------
     0 | D:1      | brucemayne the Demonspawn Berserker began the quest for the Orb.
     0 | D:1      | Reached XP level 1. HP: 18/18 MP: 1/1
    48 | D:2      | Reached skill level 3 in Axes
    48 | D:2      | Gained mutation: You sometimes gain a little power by taking damage. [demonic ancestry]
    48 | D:2      | Reached XP level 2. HP: 24/24 MP: 2/2
   123 | D:3      | You fall through a shaft!
   140 | D:4      | Reached skill level 4 in Axes
   140 | D:4      | Gained mutation: Your flesh is heat resistant. [demonic ancestry]
   140 | D:4      | Reached XP level 3. HP: 21/29 MP: 3/3
   215 | D:4      | Found Omaoxus's Food Emporium.
   219 | D:4      | Noticed an ogre
   220 | D:4      | Noticed a big kobold
   226 | D:4      | Killed an ogre
   226 | D:4      | Reached skill level 5 in Axes
   226 | D:4      | Reached XP level 4. HP: 6/35 MP: 4/4
   229 | D:5      | Entered Level 5 of the Dungeon
   269 | D:5      | Noticed an ice beast
   274 | D:5      | Got a translucent brass ring
   275 | D:5      | Identified the ring of Descent {Wiz +Blink rN+} (You found it on level 5 of the Dungeon)
   309 | D:4      | Killed a big kobold
   309 | D:4      | Gained mutation: You have a pair of small horns on your head. [demonic ancestry]
   309 | D:4      | Reached XP level 5. HP: 14/41 MP: 5/5
   435 | D:5      | Noticed an ogre
   446 | D:5      | Killed an ogre
   446 | D:5      | Reached skill level 6 in Axes
   446 | D:5      | Gained mutation: You are immune to clouds of flame. [demonic ancestry]
   446 | D:5      | Reached XP level 6. HP: 29/47 MP: 6/6
   725 | D:4      | Reached skill level 7 in Axes
   807 | D:5      | Reached XP level 7. HP: 27/52 MP: 7/7
   823 | D:5      | Reached ** piety under Trog
   847 | D:6      | Found a shattered altar of Ashenzari.
   859 | D:6      | Noticed Blork the orc
   867 | D:6      | Killed Blork the orc
   952 | D:6      | Reached skill level 8 in Axes
  1023 | D:6      | Reached skill level 9 in Axes
  1023 | D:6      | Reached XP level 8. HP: 27/58 MP: 8/8
  1141 | D:6      | Found a sacrificial altar of Ru.
  1224 | D:7      | Slain by a giant frog

Vault maps used:
D:1:      minmay_arrival_plants_in_alcoves, nemelex_diamond_rough_becter
D:3:      serial_bayou, serial_bayou_ford_a, serial_bayou_lagoon_a,
          serial_bayou_pond_e, serial_bayou_shore_a, serial_bayou_pond_e
D:4:      cheibriados_altar_wand_db, serial_shops, nicolae_shop_trees
D:5:      lemuel_coloured_pillars_altar, first_bread
D:6:      hangedman_ru_absence, led_sif_pool, nicolae_ashenzari_panopticon,
          minmay_temple_entry_statues_pillars, lightli_sewer_entry_pipes,
          uniq_grinder, uniq_blork_the_orc
D:7:      serial_shops, nicolae_shop_stone, serial_glass, glass_columns_a,
          glass_columns_a

Skill      XL: |  1  2  3  4  5  6  7 |
---------------+----------------------+-----
Axes           | 3 4 5 6 7 9 |  9.7
Fighting       | |  3.0
Armour         | |  1.7
Dodging        | |  1.7

Action                   |  1- 3 |  4- 6 |  7- 9 || total
-------------------------+-------+-------+-------++-------
Melee: Hand axe          |    18 |    75 |   106 ||   199
Invok: Berserk           |     3 |     4 |     5 ||    12
       Trog's Hand       |       |       |     3 ||     3
  Use: Potion            |       |     1 |     1 ||     2
  Eat: Chunk             |       |     2 |     8 ||    10
       Bread ration      |       |     1 |       ||     1
